 Seeded DCSS version 0.31-a0-95-g6fa058ef04 (webtiles) character file.

Game seed: 5443631866625242807 (custom seed)

11985 voltaire321 the Carver (level 11, 0/87 HPs)
             Began as a Merfolk Gladiator on May 25, 2023.
             Was an Elder of Wu Jian.
             Slain by an ogre
             ... wielding a +0 giant club
             ... led by Lodul
              (17 damage)
             ... on level 10 of the Dungeon.
             The game lasted 00:31:55 (9718 turns).

voltaire321 the Carver (Merfolk Gladiator)          Turns: 9718, Time: 00:31:56

Health: 0/87       AC: 21    Str: 17    XL:     11   Next: 86%
Magic:  16/16      EV: 13    Int: 10    God:    Wu Jian [****..]
Gold:   681        SH: 15    Dex: 17    Spells: 13/17 levels left

rFire   . . .        i - +6 scimitar (drain)
rCold   . . .        D - +0 kite shield
rNeg    . . .        f - +9 scale mail "Plog" {Slay+2}
rPois   +            c - +1 helmet
rElec   .            (no cloak)
rCorr   .            o - +0 pair of gloves "Plog" {+Blink rPois Dex+2}
SInv    .            l - +0 pair of boots
Will    +....        G - amulet of reflection Stlth
                     v - ring of willpower
HPRegen 0.34/turn    (no ring)
MPRegen 0.15/turn

%: reflection
@: studying 2 skills
A: (nimble swimmer 2), mertail
a: Renounce Religion, Evoke Blink, Wall Jump, Serpent's Lash


You were on level 10 of the Dungeon.
You worshipped Wu Jian.
Wu Jian was greatly pleased with you.
You visited 2 branches of the dungeon, and saw 12 of its levels.
You also visited: Bailey.

You collected 1694 gold pieces.
You spent 1013 gold pieces at shops.

Inventory:

Hand Weapons
 a - a +0 long sword
 i - a +6 scimitar of draining (weapon)
 J - a +3 heavy sling
Missiles
 d - 5 throwing nets
 e - 12 javelins
 p - 6 datura-tipped darts
 s - 32 poisoned darts (quivered)
Armour
 c - a +1 helmet (worn)
 f - the +9 scale mail "Plog" (worn) {Slay+2}
   (You acquired it on level 4 of the Dungeon)

   Slay:      It affects your accuracy & damage with ranged weapons and melee
   (+2).
 l - a +0 pair of boots (worn)
 o - the +0 pair of gloves "Plog" (worn) {+Blink rPois Dex+2}
   (You acquired it on level 4 of the Dungeon)

   Dex:       It affects your dexterity (+2).
   rPois:     It protects you from poison.
   +Blink:    It lets you blink.
 D - a +0 kite shield (worn)
Jewellery
 k - a ring of fire
 v - a ring of willpower (left hand)
 F - an amulet of magic regeneration
 G - an amulet of reflection (around neck)
 I - a ring of poison resistance
Wands
 b - a wand of flame (27)
 B - a wand of roots (8)
Scrolls
 n - 4 scrolls of magic mapping
 r - a scroll of fear
 t - 2 scrolls of enchant armour
 u - 6 scrolls of teleportation
 w - a scroll of silence
 y - 3 scrolls of amnesia
 K - 2 scrolls of identify
 L - a scroll of fog
 M - a scroll of poison {unknown}
Potions
 g - 4 potions of heal wounds
 h - 6 potions of might
 j - 6 potions of curing
 m - a potion of cancellation
 q - a potion of brilliance
 x - 2 potions of haste
 z - a potion of resistance
 A - a potion of enlightenment
 C - 2 potions of lignification {unknown}
 E - a potion of mutation {unknown}
 H - 2 potions of magic {unknown}


   Skills:
 + Level 8.3 Fighting
 * Level 11.6 Long Blades
 - Level 2.0 Throwing
 * Level 5.7 Armour
 + Level 9.6 Dodging
 * Level 5.0 Shields
 + Level 3.6 Spellcasting
 + Level 5.6 Hexes
 + Level 4.1 Poison Magic
 + Level 5.9 Evocations


You had 13 spell levels left.
You knew the following spells:

 Your Spells              Type           Power      Damage    Failure   Level
a - Olgreb's Toxic Radia  Pois           10%        N/A       98%         4

Your spell library contained the following spells:

 Spells                   Type           Power      Damage    Failure   Level
 Sting                    Tmut/Pois      20%        1d4       73%         1
 Poisonous Vapours        Pois/Air       10%        N/A       86%         2
 Apportation              Tloc           2%         N/A       91%         1
 Beastly Appendage        Tmut           2%         N/A       91%         1
 Sandblast                Erth           2%         2d4       91%         1
 Inner Flame              Hex/Fire       6%         N/A       94%         3
 Lesser Beckoning         Tloc           2%         N/A       97%         2
 Wereblood                Tmut           1%         N/A       97%         2
 Spider Form              Tmut/Pois      5%         N/A       97%         3
 Passwall                 Tmut/Erth      0%         N/A       98%         2
 Mephitic Cloud           Conj/Pois/Air  3%         N/A       99%         3
 Gell's Gravitas          Tloc           1%         N/A       100%        3
 Stone Arrow              Conj/Erth      0%         3d7       100%        3
 Teleport Other           Tloc           1%         N/A       100%        3
 Flame Wave               Conj/Fire      0%         2d4       100%        4
 Sticky Flame             Conj/Fire      0%         2d3       100%        4
 Alistair's Intoxication  Tmut/Pois      3%         N/A       100%        5
 Freezing Cloud           Conj/Ice/Air   0%         6-21      100%        5


Dungeon Overview and Level Annotations

Branches:
Dungeon (11/15)            Temple (1/1) D:4             Orc (0/2) D:10
 Bailey (visited)
   Lair: D:8-11

Altars:
Ashenzari
Cheibriados
Dithmenos
Elyvilon
Fedhas
Gozag
Hepliaklqana
Kikubaaqudgha
Makhleb
Nemelex Xobeh
Okawaru
Qazlal
Ru
Sif Muna
Trog
Uskayaw
Vehumet
Wu Jian
Xom
Yredelemnul
Zin
The Shining One

Shops:
D:2 (   D:3 [   D:8 *

Annotations:
D:11 Lodul


Innate Abilities, Weirdness & Mutations

((You are very nimble when in or above water. (Stealth+, EV+, Speed+++)))
Your lower body shifts to a powerful aquatic tail in water.


Message History

You block the ogre's attack.
You slice the ogre!! You drain the ogre.
You kill the ogre!
The Council accepts your kill.
Your Shields skill increases to level 5!
You slice the ogre!!
The ogre is almost dead.
You block the ogre's attack. The ogre closely misses you.
You slash the ogre!
You kill the ogre!
The Council accepts your kill.
You slice the ogre!!
The ogre is severely wounded.
You block the ogre's attack.
You slice the ogre!!
You kill the ogre!
The Council accepts your kill.
Electricity crackles from Lodul's apparatus.
The bolt of lightning hits you! The ogre misses you.
You block the ogre's attack.
Electricity crackles from Lodul's apparatus.
The bolt of lightning hits you!
You climb upwards.
There is a stone staircase leading down here.
You hit the ogre.
The ogre is lightly wounded.
The ogre hits you with a +0 giant club!
* * * LOW HITPOINT WARNING * * *
You block the ogre's attack.
You slash the ogre! You drain the ogre.
The ogre is heavily wounded.
You completely miss the ogre.
The ogre is heavily wounded.
You block the ogre's attack. x2
You hit the ogre. You drain the ogre.
The ogre is almost dead.
The ogre hits you with a +0 giant club.
* * * LOW HITPOINT WARNING * * *
The ogre hits you with a +0 giant club!
You die...

#..............)..# ##.....###
#.................###.........
#.................#.###.......
#.#8###⌠###8##....#.#####...).
#.###########........)..#.....
#....###.........##..)..##.###
####........<....##.....#### #
#####......O..##......### #
##....@...#.......#.###
##..>O.........####...#
#....<....#....##......
#.........##.####......
#........#####.........
##.......#####...###...
##...##.##..).....###.
######.#))...........
#...)...........


You could see 2 ogres.

Vanquished Creatures
  An orc knight (Bailey)
  2 cyclopes (D:11)
  2 ugly things (D:11)
  2 kobold demonologists (Bailey)
  2 komodo dragons
  2 trolls
  3 hornets
  Eustachio (D:6)
  A wraith (D:10)
  Grum (D:9)
  2 wyverns
  A vampire (D:11)
  Menkaure (D:6)
  2 acid dragons
  2 water moccasins
  22 orc warriors
  6 ogres
  2 black bears
  5 centaurs
  4 wolves (D:9)
  3 phantoms
  Blork the orc (D:6)
  3 bullfrogs
  A gnoll sergeant (D:9)
  2 scorpions
  10 wights
  5 killer bees (D:10)
  4 howler monkeys
  10 electric eels
  6 hounds
  A gnoll bouda (D:6)
  A jelly (D:6)
  3 orc priests
  3 sleepcaps (D:7)
  Terence (D:2)
  3 iguanas
  13 orc wizards
  20 gnolls
  5 adders
  A shadow imp (D:7)
  A white imp (D:7)
  5 dart slugs
  35 orcs
  7 ball pythons
  3 bats
  8 endoplasms
  4 giant cockroaches
  22 goblins
  6 hobgoblins
  A jackal (D:1)
  4 quokkas
  3 frilled lizards
  6 kobolds
  5 rats
270 creatures vanquished.

Vanquished Creatures (collateral kills)
  A hobgoblin (D:2)
  A goblin (D:2)
  A spectral weapon (D:2)
3 creatures vanquished.

Vanquished Creatures (others)
  Robin (D:2)
  A shadow imp (D:6)
  2 goblins (D:2)
4 creatures vanquished.

Grand Total: 277 creatures vanquished

Notes
Turn   | Place    | Note
-------+----------+-------------------------------------------
     0 | D:1      | voltaire321 the Merfolk Gladiator began the quest for the
                  | Orb.
     0 | D:1      | Reached XP level 1. HP: 16/16 MP: 1/1
   101 | D:1      | Reached XP level 2. HP: 23/23 MP: 2/2
   119 | D:1      | Reached skill level 4 in Long Blades
   518 | D:1      | Reached XP level 3. HP: 28/28 MP: 3/3
   700 | D:2      | Noticed Terence
   700 | D:2      | Noticed Robin
   828 | D:2      | Killed Robin
   867 | D:2      | Killed Terence
   868 | D:2      | Reached XP level 4. HP: 6/34 MP: 4/4
   914 | D:2      | Reached skill level 1 in Armour
  1141 | D:2      | Found Uleem's Weapon Emporium.
  1624 | D:3      | Found Umif's Armour Shop.
  2326 | D:3      | Reached skill level 5 in Long Blades
  2492 | D:4      | Identified 3 scrolls of acquirement
  2492 | D:4      | Acquired the +0 pair of gloves "Plog" {+Blink rPois Dex+2}
  2505 | D:4      | Acquired the +9 scale mail "Plog" {Slay+2}
  2519 | D:4      | Acquired 774 gold pieces
  2585 | D:2      | Bought a +6 scimitar of protection for 441 gold pieces
  2699 | D:4      | Reached XP level 5. HP: 34/41 MP: 5/5
  2739 | D:4      | Reached skill level 5 in Dodging
  2840 | D:4      | Reached skill level 1 in Evocations
  2840 | D:4      | Reached XP level 6. HP: 47/47 MP: 6/6
  3040 | D:4      | Noticed a black bear
  3044 | D:4      | Killed a black bear
  3045 | D:4      | Reached skill level 6 in Long Blades
  3216 | D:4      | Found a staircase to the Ecumenical Temple.
  3417 | Temple   | Entered the Ecumenical Temple
  3443 | Temple   | Became a worshipper of the Wu Jian Council
  3592 | D:5      | Entered Level 5 of the Dungeon
  3599 | D:5      | Reached XP level 7. HP: 40/53 MP: 7/7
  3702 | D:5      | Identified the +0 pair of gloves "Cigrypnal" {rPois}
  4101 | D:5      | Found a blossoming altar of Fedhas.
  4127 | D:5      | Found a hide-covered altar of Uskayaw.
  4209 | D:6      | Reached skill level 7 in Long Blades
  4219 | D:6      | Reached XP level 8. HP: 53/61 MP: 8/8
  4351 | D:6      | Noticed Menkaure
  4461 | D:6      | Killed Menkaure
  4609 | D:6      | Noticed Blork the orc
  4616 | D:6      | Killed Blork the orc
  4623 | D:6      | Found a glowing golden altar of the Shining One.
  4637 | D:6      | Reached skill level 5 in Fighting
  4637 | D:6      | Reached skill level 8 in Long Blades
  4639 | D:6      | Reached * piety under Wu Jian
  4912 | D:6      | Reached XP level 9. HP: 45/68 MP: 9/9
  5123 | D:6      | Reached skill level 9 in Long Blades
  5286 | D:6      | Noticed Eustachio
  5295 | D:6      | Killed Eustachio
  6105 | D:8      | Found Fuopti's General Store.
  6121 | D:8      | Learned a level 4 spell: Olgreb's Toxic Radiance
  6125 | D:8      | Bought a scroll of acquirement for 572 gold pieces
  6125 | D:8      | Acquired a manual of Hexes
  6221 | D:8      | Found a sacrificial altar of Ru.
  6257 | D:8      | Noticed a hornet
  6259 | D:8      | Killed a hornet
  6260 | D:8      | Reached skill level 1 in Hexes
  6396 | D:8      | Reached skill level 1 in Poison Magic
  6415 | D:8      | Reached skill level 1 in Spellcasting
  6419 | D:8      | Reached ** piety under Wu Jian
  6505 | D:8      | Reached skill level 10 in Long Blades
  6510 | D:8      | Reached skill level 1 in Shields
  6744 | D:8      | Reached XP level 10. HP: 77/77 MP: 11/11
  6995 | D:9      | Found a flagged portal.
  7044 | Bailey   | Entered a bailey
  7372 | Bailey   | Reached skill level 5 in Evocations
  7392 | Bailey   | Acquired an amulet of reflection
  7574 | Bailey   | Noticed an orc knight
  7583 | Bailey   | Killed an orc knight
  7653 | Bailey   | Found an iron altar of Okawaru.
  7653 | Bailey   | Noticed a kobold demonologist
  7653 | Bailey   | Noticed a kobold demonologist
  7655 | Bailey   | Noticed an orange demon
  7682 | Bailey   | Noticed a sixfirhy
  7683 | Bailey   | Noticed a rust devil
  7690 | Bailey   | Killed a kobold demonologist
  7690 | Bailey   | Reached *** piety under Wu Jian
  7700 | Bailey   | Noticed a rust devil
  7702 | Bailey   | Noticed a sun demon
  7706 | Bailey   | Killed a kobold demonologist
  7916 | D:9      | Reached skill level 5 in Armour
  7948 | D:9      | Reached XP level 11. HP: 77/84 MP: 13/15
  8157 | D:9      | Noticed Grum
  8168 | D:9      | Reached skill level 11 in Long Blades
  8183 | D:9      | Killed Grum
  8796 | D:9      | Found a glowing silver altar of Zin.
  8796 | D:9      | Noticed an angel
  8851 | D:10     | Entered Level 10 of the Dungeon
  8917 | D:10     | Found a shimmering blue altar of Sif Muna.
  8991 | D:10     | Found a staircase to the Orcish Mines.
  9047 | D:10     | Reached **** piety under Wu Jian
  9204 | D:10     | Identified the +0 ring mail of the Heavens {MP+9}
  9421 | D:11     | Reached skill level 5 in Hexes
  9494 | D:11     | Noticed a white ugly thing
  9495 | D:11     | Noticed a green ugly thing
  9509 | D:11     | Killed a green ugly thing
  9515 | D:11     | Killed a cyan ugly thing
  9518 | D:11     | Noticed a cyclops
  9519 | D:11     | Noticed a cyclops
  9534 | D:11     | Killed a cyclops
  9541 | D:11     | Killed a cyclops
  9681 | D:11     | Noticed Lodul
  9709 | D:11     | Reached skill level 5 in Shields
  9718 | D:10     | Slain by an ogre

Illustrated notes

Levels and vault maps discovered:
D:1:      lightli_arrival_boilingwater, layout_loops_cross,
          hangedman_decor_diamond_cutter, fountainhead, minmay_close_crescents
D:2:      layout_rooms, serial_shops, shop_statue, uniq_terence, uniq_robin
D:3:      layout_basic, serial_shops, nicolae_square_shop
D:4:      minmay_inner_zag, layout_rooms, minmay_temple_entry_statues
D:5:      layout_rooms, mainiacjoe_overflow_two_lobes, minmay_misc_feat_hallway
D:6:      layout_rooms, mainiacjoe_overflow_tiny_flanked, kennysheep_boxes,
          uniq_blork_the_orc, uniq_menkaure, uniq_eustachio
D:7:      layout_loops_ring
D:8:      layout_basic, nicolae_ru_sacrificial_ziggurat, serial_glass,
          glass_columns_a, glass_columns_a, feat_on_display, item_on_display_a,
          minmay_strange_pillars, serial_shops, shop, sword_in_stone
D:9:      layout_basic, zin_angel, enter_bailey_3, uniq_grum
D:10:     minmay_flawed_box, layout_rooms, nicolae_sif_muna_little_library,
          orc_0_dummy, serial_corexii_hall, corexii_hall_statues_i,
          corexii_hall_statues_x
D:11:     layout_cave_pools, lair_entry_dummy, kennysheep_generic_room_16,
          uniq_lodul
Temple:   nicolae_temple_bog_church

Skill      XL: |  1  2  3  4  5  6  7  8  9 10 11 |
---------------+----------------------------------+-----
Long Blades    | 4 5 6 7 8 10 11 | 11.6
Armour         | 1 2 3 4 5 |  5.7
Fighting       | 3 4 5 6 7 8 |  8.3
Dodging        | 5 6 7 8 9 |  9.6
Evocations     | 1 2 3 4 5 |  5.9
Hexes          | 2 4 5 |  5.6
Poison Magic   | 1 3 4 |  4.1
Spellcasting   | 1 2 3 |  3.6
Shields        | 1 3 5 |  5.0
Throwing       | |  2.0

Action                     |  1- 3 |  4- 6 |  7- 9 | 10-12 || total
---------------------------+-------+-------+-------+-------++-------
  Melee: Long sword        |    82 |    57 |       |       ||   139
         Scimitar          |       |    64 |   203 |   430 ||   697
         Punch             |       |     1 |     1 |       ||     2
         Tailslap          |       |       |     1 |     8 ||     9
  Throw: Dart              |     5 |     4 |       |       ||     9
         Throwing net      |       |     1 |       |       ||     1
Ability: Lunge             |       |       |    19 |    27 ||    46
         Whirlwind         |       |       |     9 |    47 ||    56
         Wall Jump         |       |       |       |     1 ||     1
    Use: Scroll            |       |     7 |    15 |     3 ||    25
         Potion            |       |       |       |     2 ||     2
 Armour: Leather armour    |    34 |    16 |       |       ||    50
         Scale mail        |       |    34 |   102 |   142 ||   278
  Dodge: Dodged            |    76 |    67 |   133 |   154 ||   430
  Block: Kite shield       |       |       |     5 |   282 ||   287
         Reflection        |       |       |       |     2 ||     2

Table legend: (Time is in decaauts)
 A = Elapsed time spent in this place.
 B = Non-inter-level travel time spent in this place.
 C = Inter-level travel time spent in this place.
 D = Time resting spent in this place.
 E = Time spent auto-exploring this place.
 F = Levels seen in this place.
 G = Mean time per level.
                   A        B        C        D        E       F      G
               +--------+--------+--------+--------+--------+-----+--------+
         Total |   9625 |   9130 |    495 |   1491 |   5104 |  13 |  740.4 |
       Dungeon |   8707 |   8215 |    492 |   1234 |   4919 |  11 |  791.5 |
        Temple |    116 |    113 |      3 |      0 |     93 |   1 |  116.0 |
        Bailey |    800 |    800 |      0 |    257 |     91 |   1 |  800.0 |
               +--------+--------+--------+--------+--------+-----+--------+

Top non-repeatable levels by time:
     D:6: 1136 daAuts
     D:3: 1119 daAuts
     D:9: 1017 daAuts
     D:4: 897 daAuts
     D:8: 884 daAuts
  Bailey: 800 daAuts
     D:5: 788 daAuts
     D:1: 741 daAuts
     D:2: 711 daAuts
    D:10: 550 daAuts
     D:7: 544 daAuts
    D:11: 316 daAuts
  Temple: 116 daAuts
